 Dungeon Crawl Stone Soup version 0.32-a0-422-g28b100f618 (webtiles) character file.

Game seed: 2362369690102263626

35 Dittersdorf the Shield-Bearer (level 3, -4/24 HPs)
             Began as a Gargoyle Fighter on Feb 21, 2024.
             Slain by a goblin
             ... wielding a +0 club
             ... led by Robin
              (6 damage)
             ... on level 2 of the Dungeon.
             The game lasted 00:01:01 (837 turns).

Dittersdorf the Shield-Bearer (Gargoyle Fighter)     Turns: 837, Time: 00:01:02

Health: -4/24      AC: 10    Str: 21    XL:     3   Next: 33%
Magic:  3/3        EV:  9    Int:  8    God:
Gold:   70         SH:  4    Dex:  9    Spells: 2/2 levels left

rFire   . . .        a - +0 flail
rCold   . . .        c - +0 buckler
rNeg    + . .        b - +0 scale mail
rPois   ∞            (no helmet)
rElec   +            (no cloak)
rCorr   .            (no gloves)
SInv    .            (no boots)
Will    .....        (no amulet) Stlth
                     (no ring)
HPRegen 0.24/turn    (no ring)
MPRegen 0.08/turn

%: no passive effects
@: no status effects
A: sickness immunity, AC +3, negative energy resistance 1, electricity
resistance, torment resistance 1, petrification resistance
a: no special abilities


You were on level 2 of the Dungeon.
You visited 1 branch of the dungeon, and saw 2 of its levels.

You collected 70 gold pieces.

Inventory:

Hand Weapons
 a - a +0 flail (weapon)
Armour
 b - a +0 scale mail (worn)
 c - a +0 buckler (worn)
Jewellery
 g - a +6 ring of strength
Scrolls
 f - a scroll of revelation {unknown}
 h - a scroll of noise {unknown}
Potions
 d - a potion of might
 e - a potion of resistance {unknown}


   Skills:
 + Level 3.6 Fighting
 + Level 2.5 Maces & Flails
 + Level 3.7 Armour
 + Level 3.7 Shields


You had 2 spell levels left.
You didn't know any spells.
Your spell library was empty.

Dungeon Overview and Level Annotations

Branches:
Dungeon (2/15)

Altars:

Shops:
D:1 [

Annotations:
D:2 Robin


Innate Abilities, Weirdness & Mutations

You are immune to sickness and miasma.
Your stone body is resilient. (AC +3)
You are immune to poison.
You resist negative energy. (rN+)
You are resistant to electric shocks. (rElec)
You are resistant to unholy torment.
You are immune to petrification.


Message History

Robin roars a battlecry!
The goblins go into a battle-frenzy!
The goblin hits you with a +3 dagger.
You hear a shout!
You closely miss the goblin.
Robin says, "Kneel, worm!"
The goblin barely misses you. You block the goblin's attack.
The goblin barely misses you.
You closely miss the goblin.
Robin says, "Feeling lonely?"
Robin throws the goblin at you! The goblin hits you with a +3 dagger!
* * * LOW HITPOINT WARNING * * *
The goblin hits you with a +0 club.
* * * LOW HITPOINT WARNING * * *
The goblin completely misses you.
A goblin comes into view. It is wielding a +0 club.
The goblin hits you but does no damage. The goblin closely misses you.
The goblin hits you but does no damage. x2; The goblin closely misses you.
You are too injured to fight recklessly!
You are too injured to fight recklessly!
You are too injured to fight recklessly!
You are too injured to fight recklessly!
You are too injured to fight recklessly!
You are too injured to fight recklessly!
You are too injured to fight recklessly!
You are too injured to fight recklessly!
You are too injured to fight recklessly!
You are too injured to fight recklessly!
You are too injured to fight recklessly!
You are too injured to fight recklessly!
You are too injured to fight recklessly!
You are too injured to fight recklessly!
You are too injured to fight recklessly!
You hit the goblin.
You kill the goblin!
Robin's bangles clink loudly.
A hobgoblin comes into view.
The goblin hits you but does no damage. The goblin closely misses you.
The goblin hits you with a +0 club.
You die...

#.# #.# #.# #.#
#.# #####g
#####.###....g.
#...#.gg.......
#<#...)@gg#
#...#.#####
##.##.# #.##.#
#.##.# #.##.#
#.##.# #.##[#


You could see Robin, a hobgoblin (strong) and 4 goblins.

Vanquished Creatures
  A dart slug (D:1)
  3 endoplasms (D:1)
  A giant cockroach (D:1)
  2 hobgoblins (D:1)
  3 ball pythons (D:1)
  2 bats (D:1)
  A frilled lizard (D:1)
  3 goblins (D:2)
  2 kobolds (D:1)
  2 rats (D:1)
20 creatures vanquished.

Notes
Turn   | Place    | Note
-------+----------+-------------------------------------------
     0 | D:1      | Dittersdorf the Gargoyle Fighter began the quest for the
                  | Orb.
     0 | D:1      | Reached XP level 1. HP: 14/14 MP: 1/1
    81 | D:1      | Reached XP level 2. HP: 19/19 MP: 2/2
    81 | D:1      | Found Ozuetighio's Antique Armour Shop.
   258 | D:1      | Reached XP level 3. HP: 23/23 MP: 3/3
   831 | D:2      | Noticed Robin
   837 | D:2      | Slain by a goblin

Illustrated notes

Levels and vault maps discovered:
D:1:      grunt_arrival_lava_bath, layout_rooms, serial_shops, shop,
          serial_curves, eino_curves_03, eino_curves_03, eino_curves_02,
          kennysheep_decorative_pillar, minmay_hedge_maze
D:2:      layout_loops_ring, uniq_robin

Action                     || total
---------------------------++-------
  Melee: Flail             ||   212
 Armour: Scale mail        ||    43
  Dodge: Dodged            ||    32
  Block: Buckler           ||    18

Table legend: (Time is in decaauts)
 A = Elapsed time spent in this place.
 B = Non-inter-level travel time spent in this place.
 C = Inter-level travel time spent in this place.
 D = Time resting spent in this place.
 E = Time spent auto-exploring this place.
 F = Levels seen in this place.
 G = Mean time per level.
                   A        B        C        D        E       F      G
               +--------+--------+--------+--------+--------+-----+--------+
         Total |    903 |    893 |     10 |      0 |    502 |   2 |  451.5 |
       Dungeon |    903 |    893 |     10 |      0 |    502 |   2 |  451.5 |
               +--------+--------+--------+--------+--------+-----+--------+

Top non-repeatable levels by time:
     D:1: 887 daAuts
     D:2: 15 daAuts
